 Dungeon Crawl Stone Soup version 0.29-a0-649-g45c230d69a (webtiles) character file.

Game seed: 10170166128913289441

206201 Bnni the Warrior (level 18, -30/162 HPs)
             Began as a Demonspawn Fighter on June 21, 2022.
             Was an Initiate of Yredelemnul.
             Killed from afar by a deep elf annihilator (34 damage)
             ... with an iron shot
             ... on level 3 of the Elven Halls.
             The game lasted 02:07:39 (34158 turns).

Bnni the Warrior (Demonspawn Fighter)              Turns: 34158, Time: 02:07:39

Health: -30/162    AC: 30    Str: 27    XL:     18   Next: 44%
Magic:  31/31      EV: 12    Int: 11    God:    Yredelemnul [......]
Gold:   2907       SH:  9    Dex: 16    Spells: 17/17 levels left

rFire   + + +      SeeInvis +   H - +7 trident "Beastbane" {freeze, rPois rF+ rC++}
rCold   + + .      Faith    .   A - +2 buckler
rNeg    + + .      Spirit   .   R - +4 plate armour {rF+}
rPois   +          Reflect  .   (helmet unavailable)
rElec   .          Harm     .   m - +1 cloak "Dyle" {rF+ Str+4 Dex-2 SInv}
rCorr   +          Rampage  .   i - +0 pair of fencer's gloves {Riposte Dex+3}
Will    +....                   v - +0 pair of boots
Stlth   ..........              s - amulet of regeneration
HPRegen 1.17/turn               t - ring of Neohij {rPois rN+ Str+2 Slay+4 Stlth+}
MPRegen 0.44/turn               L - ring of Linearity {rF+ rN+}

@: about to teleport, studying Axes
A: horns 3, yellow scales 3, foul stench 2, augmentation 2, magic regeneration
a: Renounce Religion, Recall Undead Harvest


You were on level 3 of the Elven Halls.
You worshipped Yredelemnul.
Yredelemnul was most pleased with you.
You visited 5 branches of the dungeon, and saw 27 of its levels.
You visited the Abyss 1 time.
You also visited: Gauntlet, Ice Cave and Desolation.

You collected 3711 gold pieces.
You spent 804 gold pieces at shops.

Inventory:

Hand Weapons
 h - a +3 trident of venom
 w - the +5 trident "Ockurr" {flame, rN++}
   (You found it in the Desolation of Salt)

   It burns those it strikes, dealing additional fire damage.
   rN:        It greatly protects you from negative energy.
 H - the +7 trident "Beastbane" (weapon) {freeze, rPois rF+ rC++}
   (You acquired it on level 1 of the Elven Halls)

   It freezes those it strikes, dealing additional cold damage.
   It can also slow down cold-blooded creatures.
   rF:        It protects you from fire.
   rC:        It greatly protects you from cold.
   rPois:     It protects you from poison.
Missiles
 l - 3 curare-tipped darts (quivered)
Armour
 i - the +0 pair of fencer's gloves (worn) {Riposte Dex+3}
   (You acquired it on level 2 of the Elven Halls)

   It allows the wearer to riposte with melee weapons, swiftly retaliating
   against missed or blocked attacks.
   Dex:       It affects your dexterity (+3).
 m - the +1 cloak "Dyle" (worn) {rF+ Str+4 Dex-2 SInv}
   (You found it in the Desolation of Salt)

   Str:       It affects your strength (+4).
   Dex:       It affects your dexterity (-2).
   rF:        It protects you from fire.
   SInv:      It lets you see invisible.
 v - a +0 pair of boots (worn)
 A - a +2 buckler (worn)
 R - a +4 plate armour of fire resistance (worn)
Jewellery
 s - an amulet of regeneration (around neck)
 t - the ring of Neohij (left hand) {rPois rN+ Str+2 Slay+4 Stlth+}
   (You found it on level 3 of the Lair of Beasts)

   [ring of slaying]

   Str:       It affects your strength (+2).
   Slay:      It affects your accuracy & damage with ranged weapons and melee
   (+4).
   rPois:     It protects you from poison.
   rN:        It protects you from negative energy.
   Stlth:     It makes you more stealthy.
 x - an amulet of reflection
 D - a ring of protection from cold
 L - the ring of Linearity (right hand) {rF+ rN+}
   (You found it on level 8 of the Dungeon)

   [ring of protection from fire]

   rF:        It protects you from fire.
   rN:        It protects you from negative energy.
 P - a ring of protection from fire
Wands
 b - a wand of light (26)
 o - a wand of digging (5)
 u - a wand of charming (25)
 y - a wand of iceblast (9)
 C - a wand of mindburst (9)
 N - a wand of flame (11)
 V - a wand of polymorph (4)
Scrolls
 a - 2 scrolls of torment
 d - 4 scrolls of enchant armour
 e - 3 scrolls of fear
 n - 2 scrolls of poison
 q - 4 scrolls of silence
 r - 5 scrolls of enchant weapon
 F - 5 scrolls of teleportation
 K - 2 scrolls of fog
 Q - 2 scrolls of brand weapon
 S - a scroll of amnesia
 W - 3 scrolls of identify
 X - a scroll of magic mapping
Potions
 c - a potion of cancellation
 f - a potion of brilliance
 g - 3 potions of curing
 j - 5 potions of mutation
 k - 6 potions of lignification
 p - a potion of might
 z - 2 potions of magic
 B - a potion of resistance
 E - 3 potions of haste
 G - 6 potions of attraction
 I - 2 potions of invisibility
 J - 2 potions of flight
 U - a potion of heal wounds
Miscellaneous
 O - a phantom mirror
 T - a lightning rod (4/4)


   Skills:
 + Level 20.2 Fighting
 - Level 14.0 Polearms
 - Level 14.0 Armour
 + Level 9.6 Dodging
 - Level 10.0 Shields
 + Level 19.5 Invocations


You had 17 spell levels left.
You didn't know any spells.
Your spell library contained the following spells:

 Spells                   Type           Power      Damage    Failure   Level
 Freeze                   Ice            0%         1d3       96%         1
 Sandblast                Erth           0%         2d4       96%         1
 Slow                     Hex            0%         N/A       96%         1
 Ensorcelled Hibernation  Hex/Ice        0%         N/A       99%         2
 Passwall                 Tmut/Erth      0%         N/A       99%         2
 Static Discharge         Conj/Air       0%         N/A       99%         2
 Sublimation of Blood     Necr           0%         N/A       99%         2
 Wereblood                Tmut           0%         N/A       99%         2
 Confusing Touch          Hex            0%         N/A       100%        3
 Frozen Ramparts          Ice            0%         1d2       100%        3
 Gell's Gravitas          Tloc           0%         N/A       100%        3
 Ignite Poison            Fire/Tmut/Pois 0%         N/A       100%        3
 Lesser Beckoning         Tloc           0%         N/A       100%        3
 Ozocubu's Armour         Ice            0%         N/A       100%        3
 Spider Form              Tmut/Pois      0%         N/A       100%        3
 Stone Arrow              Conj/Erth      0%         3d7       100%        3
 Swiftness                Air            0%         N/A       100%        3
 Teleport Other           Tloc           0%         N/A       100%        3
 Vampiric Draining        Necr           0%         2d6       100%        3
 Anguish                  Hex/Necr       0%         N/A       100%        4
 Animate Armour           Summ/Erth      0%         N/A       100%        4
 Corpse Rot               Necr/Pois/Air  0%         N/A       100%        4
 Dispel Undead            Necr           0%         3d6       100%        4
 Fulminant Prism          Conj/Hex       0%         3d6       100%        4
 Hailstorm                Conj/Ice       0%         3d3       100%        4
 Ice Form                 Ice/Tmut       0%         N/A       100%        4
 Iskenderun's Mystic Bla  Conj/Tloc      0%         2d3       100%        4
 Leda's Liquefaction      Hex/Erth       0%         N/A       100%        4
 Olgreb's Toxic Radiance  Pois           0%         N/A       100%        4
 Sticky Flame             Conj/Fire      0%         2d3       100%        4
 Summon Ice Beast         Ice/Summ       0%         N/A       100%        4
 Fireball                 Conj/Fire      0%         3d3       100%        5
 Freezing Cloud           Conj/Ice/Air   0%         6-21      100%        5
 Lee's Rapid Deconstruct  Erth           0%         3d5*      100%        5
 Summon Forest            Summ/Tloc      0%         N/A       100%        5
 Summon Mana Viper        Hex/Summ       0%         N/A       100%        5
 Conjure Ball Lightning   Conj/Air       0%         3x3d6     100%        6
 Starburst                Conj/Fire      0%         6d3       100%        6
 Statue Form              Tmut/Erth      0%         N/A       100%        6
 Summon Cactus Giant      Summ           0%         N/A       100%        6
 Enfeeble                 Hex            0%         N/A       100%        7
 Ozocubu's Refrigeration  Ice            0%         4d5       100%        7
 Summon Hydra             Summ           0%         N/A       100%        7
 Ignition                 Fire           0%         3d3       100%        8
 Lehudib's Crystal Spear  Conj/Erth      0%         10d2      100%        8
 Maxwell's Capacitive Co  Air            0%         ∞         100%        8
 Polar Vortex             Ice            0%         N/A       100%        9
 Simulacrum               Ice/Necr       Unusable   N/A       N/A         6

Dungeon Overview and Level Annotations

Branches:
Dungeon (15/15)            Temple (1/1) D:7            Lair (6/6) D:9
  Swamp (0/4) Lair:4       Spider (0/4) Lair:4        Slime (0/5) Lair:5
    Orc (2/2) D:11            Elf (3/3) Orc:2        Vaults (0/5) D:14
 Depths (0/4) D:15          IceCv (visited)         Desolation (visited)
Gauntlet (visited)

Altars:
Ashenzari
Cheibriados
Dithmenos
Elyvilon
Fedhas
Gozag
Hepliaklqana
Kikubaaqudgha
Makhleb
Nemelex Xobeh
Okawaru
Qazlal
Ru
Sif Muna
Trog
Uskayaw
Vehumet
Wu Jian
Xom
Yredelemnul
Zin
The Shining One
Beogh
Jiyva

Shops:
D:6 *   Orc:2 :[*?   Elf:1 (   Elf:3 !

Portals:
Pandemonium: Orc:2


Innate Abilities, Weirdness & Mutations

You have a pair of large horns on your head.
You are completely covered in yellow scales. (AC +4, rCorr)
You sometimes emit foul miasma when damaged in melee.
Your magical and physical power is enhanced at high health.
You regenerate magic rapidly.


Message History

The stunning burst hits you!
You suddenly lose the ability to move!
* * * LOW HITPOINT WARNING * * *
The deep elf annihilator gestures wildly while chanting.
The deep elf annihilator blinks!
A deep elf elementalist comes into view.
It is wielding a +0 dagger.
The air elemental fires a burst of electricity at you.
The stunning burst hits you but does no damage.
The air elemental fires a burst of electricity at you.
The stunning burst hits you.
* * * LOW HITPOINT WARNING * * *
The deep elf annihilator points at you and mumbles some strange words.
The crystal spear hits you!!
* * * LOW HITPOINT WARNING * * *
You can move again.
Okay, then.
You feel much better.
The air elemental hits you but does no damage. x2
The air elemental fires a burst of electricity at you.
The stunning burst hits you but does no damage.
You shrug off the repeated paralysis!
The deep elf annihilator gestures wildly while chanting.
The deep elf annihilator blinks!
The deep elf high priest misses you.
The deep elf annihilator points at you and mumbles some strange words.
The crystal spear hits you!!
* * * LOW HITPOINT WARNING * * *
The deep elf annihilator mumbles some strange words.
The deep elf annihilator blinks!
You hear a shout!
As you read the scroll of teleportation, it crumbles to dust.
You feel strangely unstable.
The air elemental fires a burst of electricity at you.
The stunning burst misses you.
A deep elf blademaster comes into view. It is wielding two +0 rapiers.
The air elemental hits you!
* * * LOW HITPOINT WARNING * * *
The deep elf high priest hits you but does no damage.
The deep elf annihilator points at you and mumbles some strange words.
The iron shot hits you!!
You die...
Your body rises from the dead as a mindless zombie.

§... #....##....# ###.
#....###...# ##### ##....
##..# #########...#
#.....#...###.....##.....
##........##.......##...#
###......##.......###.##
..####....Z.......###.#
.....#####........##Z∩##
#..e!'e@.#..............
##..e#?Ee##(......###...
#. #|.=##.......#.#...
#..)#..............
#§}?#.#.....#......
=}/##..............
??|##.....###......
§|e}##.....# #.....©
#.....# ##.#...


You could see a deep elf blademaster, 2 deep elf annihilators, a deep elf
elementalist (repels missiles), a deep elf high priest and an air elemental.

Vanquished Creatures
  A bone dragon (Abyss:3)
  The ghost of ang3lsp1der the Warrior, an adept MiFi of Trog (Elf:3)
  Rupert (D:14)
  Jorgrun (Orc:1)
  A deep elf blademaster (Elf:2)
  3 tentacled starspawn (Abyss:3)
  An imperial myrmidon (Desolation)
  3 deep elf elementalists
  A stone giant (D:15)
  2 deep elf demonologists
  The ghost of Majang the Cleaver, a journeyman MeGl of Qazlal (Lair:1)
  A minotaur (Gauntlet)
  A halazid warlock (Desolation)
  A dire elephant (Lair:5)
  3 deep elf death magi (Elf:3)
  Snorg (D:13)
  A crystal guardian (Desolation)
  An ettin (Orc:2)
  9 ragged hierophants
  2 deep elf high priests (Elf:3)
  11 servants of whispers (Desolation)
  Harold (Lair:1)
  3 boulder beetles
  A demonspawn (Orc:2)
  A rakshasa (Abyss:3)
  3 catoblepae
  Erica (Lair:1)
  Erolcha (D:13)
  5 centaur warriors
  13 peacekeepers (Desolation)
  4 hydras
  4 two-headed ogres
  An alligator (Lair:5)
  2 death scarabs (Gauntlet)
  4 tengu warriors
  21 dancing weapons
  10 death yaks
  7 thrashing horrors (Abyss:3)
  5 orc high priests (Orc:2)
  12 deep elf knights
  Urug (D:13)
  3 sixfirhies
  A fire crab (Lair:5)
  2 wretched stars (Abyss:3)
  Lodul (D:13)
  A bog body (IceCv)
  12 deep elf archers
  4 orc knights (Orc:2)
  2 spectral hydras (Gauntlet)
  An ironbound convoker (Elf:1)
  2 necromancers
  The ghost of brendy123 the Destroyer, a novice DECj of Vehumet (D:10)
  6 ugly things
  30 deep elf pyromancers
  20 deep elf zephyrmancers
  5 orc sorcerers
  2 cyclopes
  5 manticores
  A worldbinder (Abyss:3)
  8 elephants
  3 ice statues
  A moth of wrath (D:10)
  2 guardian serpents (Desolation)
  A black mamba (Lair:5)
  4 gargoyles
  2 smoke demons
  A molten gargoyle (Desolation)
  9 cane toads
  An unseen horror (D:13)
  5 rime drakes
  A freezing wraith (D:14)
  2 anaconda simulacra (IceCv)
  An efreet (D:8)
  A yaktaur (D:15)
  2 ancient zymes (Abyss:3)
  4 entropy weaver simulacra (IceCv)
  7 komodo dragons
  9 ice devils
  4 red devils (D:13)
  2 hellwings (D:13)
  7 trolls
  A blink frog (shapeshifter) (Elf:3)
  2 polar bears (Lair:5)
  A raiju (Abyss:3)
  Grinder (D:6)
  65 saltlings
  5 hornets
  10 blink frogs
  8 slime creatures
  A wind drake (shapeshifter) (Elf:2)
  3 ynoxinuls
  3 dire elephant simulacra (IceCv)
  7 water elementals
  5 air elementals
  2 shadows
  37 yaks
  A culicivora (shapeshifter) (D:15)
  5 fire elementals
  3 wyverns
  2 wraiths
  A basilisk (Lair:2)
  5 vampire mosquitoes
  2 neqoxecs
  A spectral komodo dragon (Gauntlet)
  A steam dragon (D:8)
  A chaos spawn (Gauntlet)
  Edmund (D:6)
  5 wargs
  A harpy simulacrum (IceCv)
  An acid dragon (D:11)
  A spectral cane toad (Gauntlet)
  11 water moccasins
  Duvessa (D:6)
  21 orc warriors
  A black bear (D:6)
  4 ice beasts
  A black bear (shapeshifter) (D:15)
  A sky beast (D:6)
  18 ogres
  3 small abominations (Abyss:3)
  12 wolves
  28 centaurs
  A phantom (D:11)
  9 bullfrogs
  An earth elemental (Elf:1)
  A two-headed ogre simulacrum (IceCv)
  3 scorpions
  Dowan (D:6)
  11 wights
  11 killer bees
  10 electric eels
  4 hounds
  24 orc priests
  2 jellies
  A gnoll shaman (D:5)
  6 iguanas
  19 orc wizards
  A hell rat (Lair:5)
  A spriggan simulacrum (IceCv)
  6 ogre zombies
  A human simulacrum (D:9)
  7 gnolls
  7 adders
  A naga simulacrum (IceCv)
  A shadow imp (D:6)
  2 white imps
  3 ufetubi
  2 worms
  A dart slug (D:1)
  51 orcs
  11 ball pythons
  6 bats
  7 endoplasms
  3 giant cockroaches
  13 goblins
  A hobgoblin (D:1)
  2 jackals (D:4)
  7 kobolds
  3 quokkas
  4 frilled lizards
  3 hobgoblin zombies (D:11)
  An orc skeleton (D:11)
  11 orc zombies (D:11)
  5 rats
  5 starspawn tentacles (Abyss:3)
876 creatures vanquished.

Vanquished Creatures (collateral kills)
  A deep elf sorcerer (Elf:3)
  A deep elf death mage (Elf:3)
  A servant of whispers (Desolation)
  3 two-headed ogres
  An anaconda (Lair:5)
  2 tengu warriors
  4 dancing weapons (Elf:2)
  An orc high priest (Orc:2)
  4 deep elf knights (Elf:2)
  2 deep elf archers
  An ironbound convoker (Desolation)
  A deep troll (D:10)
  4 deep elf pyromancers (Elf:2)
  3 deep elf zephyrmancers
  An orc sorcerer (Orc:2)
  An orc knight (Orc:2)
  2 cyclopes (D:14)
  3 manticores
  A black mamba (Lair:6)
  2 rust devils (D:13)
  3 elephants
  2 cane toads
  An efreet (D:15)
  A rime drake (Lair:2)
  A hellwing (D:13)
  A tengu conjurer (D:14)
  2 trolls
  2 polar bears
  9 saltlings (Desolation)
  2 blink frogs
  A slime creature (D:15)
  A water elemental (D:14)
  A wyvern (Lair:2)
  2 wraiths
  10 yaks
  5 basilisks
  An elf zombie (Elf:3)
  4 vampire mosquitoes
  A steam dragon (D:8)
  A warg (D:9)
  12 orc warriors
  2 wolves
  An ogre (D:13)
  A centaur (D:12)
  A phantom (D:11)
  4 bullfrogs
  An earth elemental (Elf:1)
  3 killer bees (D:10)
  An electric eel (Lair:5)
  8 orc priests
  5 orc wizards
  A human simulacrum (D:9)
  2 gnolls (Orc:2)
  An ufetubus (IceCv)
  23 orcs
  2 giant cockroaches (Lair:4)
  A hobgoblin skeleton (D:11)
  An orc skeleton (D:11)
  3 orc zombies
163 creatures vanquished.

Vanquished Creatures (others)
  A spectral catoblepas (Elf:2)
  A spectral sixfirhy (Orc:2)
  A deep elf knight (Elf:3)
  An ugly thing zombie (D:13)
  2 deep elf pyromancers (Elf:3)
  2 death scarab zombies (Gauntlet)
  An unseen horror zombie (D:13)
  2 death yak zombies
  Psyche (D:8)
  2 catoblepas zombies
  A moth of wrath zombie (D:10)
  A saltling (Desolation)
  2 black mamba zombies
  4 spectral ice devils
  A wind drake zombie (Elf:2)
  A yak (Lair:5)
  A slime creature zombie (D:12)
  A spectral rust devil (D:13)
  4 cane toad zombies
  A tengu zombie (D:13)
  An elephant zombie (Lair:5)
  2 spectral red devils (D:13)
  26 elf zombies
  2 hornet zombies
  3 blink frog zombies
  2 vampire mosquito zombies (D:10)
  2 manticore zombies
  A rime drake zombie (Gauntlet)
  A komodo dragon zombie (Lair:5)
  2 spectral ynoxinuls (D:13)
  2 spectral neqoxecs
  2 cyclops zombies
  5 water moccasin zombies
  11 yak zombies
  7 human zombies
  A polar bear zombie (Lair:5)
  4 bullfrog zombies
  6 wolf zombies
  12 centaur zombies
  An orc priest (Orc:2)
  A basilisk zombie (Lair:4)
  6 killer bee zombies
  4 ogre zombies (D:13)
  An acid dragon zombie (D:11)
  2 spectral electric eels (D:14)
  An adder (D:5)
  A steam dragon zombie (D:8)
  A worm zombie (Lair:4)
  45 orc zombies
  A spectral white imp (D:8)
  2 gnoll zombies (Orc:2)
  2 giant cockroach zombies (Lair:4)
  A spectral ufetubus (IceCv)
  3 demonic plants (D:13)
  41 fungi
  146 plants
  3 starspawn tentacles (Abyss:3)
  A withered plant (Desolation)
386 creatures vanquished.

Grand Total: 1425 creatures vanquished

Notes
Turn   | Place    | Note
-------+----------+-------------------------------------------
     0 | D:1      | Bnni the Demonspawn Fighter began the quest for the Orb.
     0 | D:1      | Reached XP level 1. HP: 18/18 MP: 1/1
    45 | D:1      | Gained mutation: You have a pair of small horns on your
                  | head. [demonic ancestry]
    45 | D:1      | Reached XP level 2. HP: 2/24 MP: 2/2
   733 | D:1      | Gained mutation: You are partially covered in yellow
                  | scales. (AC +2) [demonic ancestry]
   733 | D:1      | Reached XP level 3. HP: 27/29 MP: 3/3
  1917 | D:3      | Gained mutation: You are mostly covered in yellow scales.
                  | (AC +3) [demonic ancestry]
  1917 | D:3      | Reached XP level 4. HP: 32/37 MP: 4/4
  2634 | D:4      | Noticed an ogre
  2652 | D:4      | Killed an ogre
  2653 | D:4      | Reached skill level 4 in Fighting
  2653 | D:4      | Reached XP level 5. HP: 39/42 MP: 5/5
  2982 | D:4      | Noticed a centaur
  2994 | D:4      | Killed a centaur
  2995 | D:4      | Reached skill level 5 in Polearms
  2995 | D:4      | Reached XP level 6. HP: 40/49 MP: 6/6
  3139 | D:4      | Found a shadowy altar of Dithmenos.
  3630 | D:5      | Entered Level 5 of the Dungeon
  3649 | D:5      | Reached skill level 5 in Fighting
  3993 | D:5      | Gained mutation: You may rarely emit foul miasma when
                  | damaged in melee. [demonic ancestry]
  3993 | D:5      | Reached XP level 7. HP: 56/56 MP: 7/7
  4546 | D:5      | Reached skill level 6 in Fighting
  4546 | D:5      | Gained mutation: You sometimes emit foul miasma when
                  | damaged in melee. [demonic ancestry]
  4546 | D:5      | Reached XP level 8. HP: 51/64 MP: 8/8
  5249 | D:6      | Found Yceowofe's Overcharged Wands.
  5406 | D:6      | Reached skill level 5 in Armour
  5768 | D:6      | Noticed Grinder
  5775 | D:6      | Killed Grinder
  6006 | D:6      | Noticed Edmund
  6016 | D:6      | Killed Edmund
  6193 | D:6      | Noticed Dowan
  6193 | D:6      | Noticed Duvessa
  6224 | D:6      | Killed Dowan
  6225 | D:6      | Reached skill level 7 in Fighting
  6225 | D:6      | Reached XP level 9. HP: 47/72 MP: 9/9
  6914 | D:6      | Killed Duvessa
  7694 | D:7      | Found a staircase to the Ecumenical Temple.
  7727 | Temple   | Entered the Ecumenical Temple
  7882 | Temple   | Became a worshipper of Yredelemnul the Dark
  7996 | D:7      | Reached * piety under Yredelemnul
  8634 | D:8      | Reached skill level 8 in Fighting
  8890 | D:8      | Noticed Psyche
  8895 | D:8      | Reached skill level 10 in Polearms
  8899 | D:8      | Noticed a gargoyle
  8908 | D:8      | Killed Psyche
  8909 | D:8      | Gained mutation: You have a pair of horns on your head.
                  | [demonic ancestry]
  8909 | D:8      | Reached XP level 10. HP: 49/80 MP: 10/10
  8909 | D:8      | Your ally Psyche died
  8920 | D:8      | Killed a gargoyle
  9290 | D:8      | Reached ** piety under Yredelemnul
  9399 | D:8      | Noticed a deep elf pyromancer
  9408 | D:8      | Killed a deep elf pyromancer
  9413 | D:8      | Noticed a gargoyle
  9428 | D:8      | Killed a gargoyle
  9435 | D:8      | Noticed a catoblepas
  9449 | D:8      | Killed a catoblepas
  9450 | D:8      | Reached skill level 9 in Fighting
  9468 | D:8      | Reached *** piety under Yredelemnul
  9478 | D:8      | Identified the ring of Linearity {rF+ rN+}
  9482 | D:8      | Identified the +1 leather armour of the Lost Path {rPois}
  9567 | D:8      | Noticed a boulder beetle
  9606 | D:8      | Killed a boulder beetle
  9821 | D:9      | Reached XP level 11. HP: 56/90 MP: 11/11
 10064 | D:9      | Found a staircase to the Lair.
 10378 | D:9      | Identified the +0 scale mail "Baoluph" {rElec Str+4}
 10643 | D:9      | Reached skill level 10 in Fighting
 10743 | D:9      | Noticed a two-headed ogre
 10754 | D:9      | Killed a two-headed ogre
 10965 | D:10     | Entered Level 10 of the Dungeon
 10988 | D:10     | Found a transporter.
 11188 | D:10     | Noticed a deep troll
 11235 | D:10     | Noticed brendy123's ghost (novice DECj)
 11235 | D:10     | Noticed a two-headed ogre
 11236 | D:10     | Found a bloodstained altar of Trog.
 11245 | D:10     | Noticed a two-headed ogre
 11252 | D:10     | Found a transporter.
 11557 | D:10     | Identified the +5 short sword "Odupool" {pain, Int+2}
 11742 | D:10     | Noticed a two-headed ogre
 11746 | D:10     | Noticed a two-headed ogre
 11756 | D:10     | Reached skill level 1 in Invocations
 11756 | D:10     | Reached **** piety under Yredelemnul
 11763 | D:10     | Killed a two-headed ogre
 11763 | D:10     | Killed a two-headed ogre
 11764 | D:10     | Reached ***** piety under Yredelemnul
 11898 | D:10     | Killed a two-headed ogre
 11903 | D:10     | Killed a two-headed ogre
 11911 | D:10     | Reached skill level 11 in Fighting
 11913 | D:10     | Killed a deep troll
 11932 | D:10     | Killed brendy123's ghost
 12266 | D:11     | Gained mutation: You are completely covered in yellow
                  | scales. (AC +4, rCorr) [demonic ancestry]
 12266 | D:11     | Reached XP level 12. HP: 92/100 MP: 15/15
 12278 | D:11     | Reached skill level 5 in Invocations
 12440 | D:11     | Noticed a two-headed ogre
 12457 | D:11     | Killed a two-headed ogre
 12848 | D:11     | Found a staircase to the Orcish Mines.
 13704 | D:12     | Noticed a centaur warrior
 13717 | D:12     | Killed a centaur warrior
 13718 | D:12     | Reached skill level 12 in Fighting
 14010 | D:13     | Noticed a tengu warrior
 14055 | D:13     | Noticed Urug
 14075 | D:13     | Killed Urug
 14588 | D:13     | Noticed Erolcha
 14598 | D:13     | Killed Erolcha
 14613 | D:13     | Reached skill level 10 in Armour
 14667 | D:13     | Noticed a tengu warrior
 14669 | D:13     | Noticed Lodul
 14706 | D:12     | Killed a tengu warrior
 14982 | D:13     | Noticed a centaur warrior
 14988 | D:13     | Killed a centaur warrior
 14989 | D:13     | Noticed Snorg
 14995 | D:13     | Reached XP level 13. HP: 92/109 MP: 20/20
 15005 | D:13     | Killed Snorg
 15065 | D:13     | Reached skill level 10 in Invocations
 15234 | D:13     | Killed Lodul
 15235 | D:13     | Reached skill level 13 in Fighting
 16934 | D:14     | Noticed Rupert
 16945 | D:14     | Paralysed by Rupert for 4 turns
 16955 | D:14     | Killed Rupert
 17800 | D:14     | Your ally Rupert died
 18070 | D:14     | Found a gate to the Vaults.
 18435 | D:14     | Reached skill level 14 in Fighting
 18872 | D:15     | Entered Level 15 of the Dungeon
 19003 | D:15     | Gained mutation: You have a pair of large horns on your
                  | head. [demonic ancestry]
 19003 | D:15     | Reached XP level 14. HP: 76/120 MP: 23/23
 19019 | D:15     | Found a gate leading to a gauntlet.
 19029 | Gauntlet | Entered a Gauntlet
 19029 | Gauntlet | Found a transporter.
 19172 | Gauntlet | Found a transporter.
 19174 | Gauntlet | Found a transporter.
 19188 | Gauntlet | Found a transporter.
 19190 | Gauntlet | Found a transporter.
 19201 | Gauntlet | Found a transporter.
 19215 | Gauntlet | Found a runed translucent door.
 19216 | Gauntlet | Found a transporter.
 19217 | Gauntlet | Found a runed translucent door.
 19226 | Gauntlet | Found a transporter.
 19236 | Gauntlet | Found a transporter.
 19253 | Gauntlet | Found a transporter.
 19259 | Gauntlet | Found a transporter.
 19264 | Gauntlet | Found a transporter.
 19354 | Gauntlet | Found a transporter.
 19883 | Gauntlet | Identified the +1 pair of boots of Depression {*Slow rN+
                  | Stlth+}
 19951 | Gauntlet | Identified the +11 scimitar of Welfare {vorpal, rC+ Stlth+}
 20461 | D:15     | Found a staircase to the Depths.
 20461 | D:15     | Noticed a stone giant
 20472 | D:15     | Killed a stone giant
 20705 | Lair:1   | Entered Level 1 of the Lair of Beasts
 20717 | Lair:1   | Noticed Erica
 20726 | Lair:1   | Killed Erica
 20756 | Lair:1   | Found a runed translucent door.
 20760 | Lair:1   | Found a shimmering altar of Xom.
 20760 | Lair:1   | Noticed Majang's ghost (journeyman MeGl)
 20784 | Lair:1   | Noticed Harold
 20803 | Lair:1   | Killed Harold
 20851 | Lair:1   | Killed Majang's ghost
 22720 | Lair:3   | Identified the ring of Neohij {rPois rN+ Str+2 Slay+4
                  | Stlth+}
 22909 | Lair:3   | Reached skill level 15 in Fighting
 23051 | Lair:3   | Reached skill level 15 in Invocations
 23772 | Lair:4   | Found a hole to the Spider Nest.
 24035 | Lair:4   | Reached ****** piety under Yredelemnul
 24113 | Lair:4   | Found a staircase to the Swamp.
 24319 | Lair:5   | Found a viscous altar of Jiyva.
 24321 | Lair:5   | Found a staircase to the Slime Pits.
 24374 | Lair:5   | Gained mutation: You regenerate magic rapidly. [demonic
                  | ancestry]
 24374 | Lair:5   | Reached XP level 15. HP: 107/130 MP: 26/26
 24383 | Lair:5   | Reached skill level 16 in Fighting
 24715 | Lair:5   | Found a frozen archway.
 24727 | IceCv    | Entered an ice cave
 24773 | IceCv    | Reached skill level 17 in Fighting
 25916 | Lair:6   | Entered Level 6 of the Lair of Beasts
 25924 | Lair:6   | Identified the +4 long sword "Deicw" {vorpal, +Blink Will+}
 26146 | Lair:6   | Reached skill level 1 in Dodging
 26194 | Lair:6   | Reached skill level 18 in Fighting
 27068 | Orc:1    | Entered Level 1 of the Orcish Mines
 27081 | Orc:1    | Noticed Jorgrun
 27101 | Orc:1    | Killed Jorgrun
 27204 | Orc:2    | Entered Level 2 of the Orcish Mines
 27280 | Orc:2    | Found a staircase to the Elven Halls.
 27467 | Orc:2    | Found Gesueru's General Store.
 27474 | Orc:2    | Found Xizarch's Magic Scroll Shoppe.
 27525 | Orc:2    | Bought a scroll of acquirement for 624 gold pieces
 27596 | Orc:2    | Paralysed by an orc sorcerer for 5 turns
 27680 | Orc:2    | Reached XP level 16. HP: 139/143 MP: 27/27
 27717 | Orc:2    | Found Jyif's Book Boutique.
 27717 | Orc:2    | Found a one-way gate leading to the halls of Pandemonium.
 27717 | Orc:2    | Found Tines's Antique Armour Shop.
 28255 | Orc:1    | You fall into a shaft and drop 1 floor!
 28416 | Orc:1    | Reached skill level 5 in Shields
 28675 | Elf:1    | Entered Level 1 of the Elven Halls
 28676 | Elf:1    | Acquired the +7 trident "Beastbane" {freeze, rPois rF+
                  | rC++}
 28704 | Elf:1    | Paralysed by an air elemental for 1 turns
 28712 | Elf:1    | Paralysed by an air elemental for 1 turns
 28723 | Elf:1    | Identified the +4 short sword of Linearity {drain, Stlth+}
 28924 | Elf:1    | Paralysed by an air elemental for 1 turns
 28933 | Elf:1    | Paralysed by an air elemental for 1 turns
 29009 | Elf:1    | Reached skill level 5 in Dodging
 29091 | Elf:1    | Found a crumbling gateway.
 29100 | Elf:1    | Identified the +7 great sword of Growth {vorpal, rF++
                  | Will+}
 29105 | Desolati | Entered the Desolation of Salt
 29342 | Desolati | Got the Volume of the Dark Glacier
 29547 | Desolati | Identified the +5 trident "Ockurr" {flame, rN++}
 29554 | Desolati | Got the Guide on Flight
 29789 | Desolati | HP: 7/145 [saltling[a halazid warlock] (20)]
 29969 | Desolati | Reached skill level 19 in Fighting
 30031 | Desolati | Got the Reference Book on Fiery Snow
 30050 | Desolati | Identified the +1 cloak "Dyle" {rF+ Str+4 Dex-2 SInv}
 30149 | Desolati | Gained mutation: Your magical and physical power is
                  | slightly enhanced at high health. [demonic ancestry]
 30149 | Desolati | Reached XP level 17. HP: 153/153 MP: 29/29
 30459 | Desolati | Got Bidod's Disquisition on Venom
 31271 | Elf:1    | Found Hienko's Antique Weapon Boutique.
 31731 | Elf:1    | Cast into level 3 of the Abyss (a deep elf demonologist)
 31977 | Abyss:3  | Noticed a bone dragon
 32005 | Abyss:3  | Killed a bone dragon
 32149 | Elf:1    | Escaped the Abyss
 32336 | Elf:2    | Acquired the +0 pair of fencer's gloves {Riposte Dex+3}
 32336 | Elf:2    | Found the +0 pair of fencer's gloves {Riposte Dex+3}
 32399 | Elf:2    | Paralysed by an air elemental for 1 turns
 32401 | Elf:2    | Paralysed by an air elemental for 1 turns
 32834 | Elf:2    | Found a runed translucent gate.
 32835 | Elf:2    | Found a runed translucent gate.
 32835 | Elf:2    | Found a runed translucent gate.
 32888 | Elf:2    | Noticed a deep elf blademaster
 32894 | Elf:2    | Killed a deep elf blademaster
 33068 | Elf:2    | Gained mutation: Your magical and physical power is
                  | enhanced at high health. [demonic ancestry]
 33068 | Elf:2    | Reached XP level 18. HP: 162/162 MP: 31/31
 33356 | Elf:3    | Entered Level 3 of the Elven Halls
 33356 | Elf:3    | Noticed ang3lsp1der's ghost (adept MiFi)
 33356 | Elf:3    | Found a transporter.
 33356 | Elf:3    | Found a transporter.
 33360 | Elf:3    | Found a shimmering blue altar of Sif Muna.
 33436 | Elf:3    | Reached skill level 20 in Fighting
 33666 | Elf:3    | Paralysed by an air elemental for 1 turns
 33799 | Elf:3    | Found Ceyget's Distillery.
 33815 | Elf:3    | Paralysed by an air elemental for 1 turns
 33845 | Elf:3    | Killed ang3lsp1der's ghost
 34020 | Elf:3    | Bought a potion of heal wounds for 100 gold pieces
 34020 | Elf:3    | Bought a potion of might for 80 gold pieces
 34105 | Elf:3    | Reached skill level 10 in Shields
 34128 | Elf:3    | Noticed an Ice Fiend
 34150 | Elf:3    | Paralysed by an air elemental for 1 turns
 34155 | Elf:3    | Paralysed by an air elemental for 1 turns
 34158 | Elf:3    | HP: 4/162 [air elemental (7)]
 34158 | Elf:3    | Killed from afar by a deep elf annihilator

Illustrated notes

Levels and vault maps discovered:
D:1:      spicycebolla_arrival_xxxplode, layout_basic
D:2:      layout_rooms, kennysheep_generic_room_9
D:3:      layout_loops_corners
D:4:      layout_loops_cross, mainiacjoe_overflow_chevrons,
          eino_small_chamber_without_monster
D:5:      layout_basic, minmay_manual_mares
D:6:      layout_basic, nicolae_shop_overcharged_wands, uniq_grinder,
          uniq_edmund, uniq_duvessa
D:7:      layout_loops_cross, minmay_temple_entry_statues_fountains
D:8:      minmay_distorted_concentric_squares, layout_loops_cross,
          minmay_evil_grid, uniq_psyche
D:9:      layout_loops_cross, erik_lair_orcish_takeover, bh_circular_ruins
D:10:     layout_basic, gammafunk_ghost_wrathful_warriors
D:11:     layout_loops_ring, zombieorc1_lemuel
D:12:     layout_basic
D:13:     layout_gridville, serial_demonic, serial_demonic_c, serial_demonic_d,
          serial_demonic_d, serial_demonic_a, uniq_lodul, uniq_snorg, uniq_urug,
          uniq_erolcha
D:14:     layout_cross, david_vaults_1, minmay_crystal_room, serial_bayou,
          serial_bayou_ford_a, serial_bayou_lagoon_b, serial_bayou_lagoon_a,
          serial_bayou_shore_b, serial_bayou_pond_e, serial_bayou_lake_a,
          uniq_rupert
D:15:     grunt_enter_depths_snipers, layout_long_grid, gauntlet_entry_generic,
          minmay_misc_feat_five, st_stairs_3
Temple:   kilobyte_greek_temple
Lair:1:   layout_concentric_octagons, ebering_ghost_xom, uniq_erica, uniq_harold
Lair:2:   layout_loops_ring, eino_small_chamber_without_monster,
          hangedman_lair_unloving_vines
Lair:3:   statuecave_lemuel, layout_chaotic_city, lemuel_fruit_tree,
          infiniplex_staircase_pool, serial_bayou_shore_b
Lair:4:   layout_regular_city, minmay_swamp_entry_eels,
          nicolae_spider_entry_non_spiders
Lair:5:   layout_loops_ring, slime_altar_1, portal_ice_cave_rime,
          nicolae_lair_lakeside_cave
Lair:6:   evilmike_catoblepas_cave, layout_regular_city,
          nicolae_volcano_entry_s_turn
Orc:1:    layout_caves, basic_altar, uniq_jorgrun
Orc:2:    pf_orc_diabolical, layout_diamond_mine
Elf:1:    eino_elf_arrival_the_gate, layout_geoelf_diagonals,
          portal_desolation_entry_salt, minivault_28, minmay_shop_star
Elf:2:    nicolae_elf_blades_crystal_corner, layout_geoelf_grid, serial_sigils,
          serial_sigils_hangedman_confine, serial_sigils_hangedman_clutch,
          serial_sigils_hangedman_shear, serial_sigils_hangedman_writhe
Elf:3:    minmay_elf_hall_curves, layout_rooms, gammafunk_ghost_arena,
          serial_shops, shop, basic_altar

Skill      XL: |  1  2  3  4  5  6  7  8  9 10 11 12 13 14 15 16 17 18 |
---------------+-------------------------------------------------------+-----
Polearms       | 2 3 4 5 7 8 10 12 13 14 | 14.0
Fighting       | 4 5 6 7 8 9 11 12 14 15 18 19 20 | 20.2
Armour         | 3 6 8 10 13 14 | 14.0
Invocations    | 4 9 12 15 17 18 19 | 19.5
Shields        | 4 7 9 10 | 10.0
Dodging        | 3 6 8 9 |  9.6

Action                   |  1- 3 |  4- 6 |  7- 9 | 10-12 | 13-15 | 16-18 || total
-------------------------+-------+-------+-------+-------+-------+-------++-------
Melee: Trident           |    74 |       |       |   639 |  1632 |  1287 ||  3632
       Headbutt          |     8 |    16 |    67 |   123 |   374 |   313 ||   901
       Dagger            |    42 |   134 |   273 |     1 |       |       ||   450
       Mace              |       |       |    11 |       |       |       ||    11
       Scimitar          |       |       |       |       |     4 |       ||     4
Throw: Throwing net      |       |       |       |       |       |     1 ||     1
Invok: Recall Undead Har |       |       |       |     2 |     6 |     7 ||    15
       Drain Life        |       |       |       |     1 |     1 |       ||     2
       Dark Bargain      |       |       |       |       |     2 |    13 ||    15
       Bind Soul         |       |       |       |       |     1 |       ||     1
Evoke: Wand              |       |       |     5 |     4 |       |       ||     9
  Use: Scroll            |     4 |     1 |     2 |    15 |     9 |     9 ||    40
       Potion            |       |     2 |     2 |     5 |    11 |    21 ||    41
 Stab: Distracted        |       |       |     1 |     4 |    22 |     5 ||    32
       Invisible         |       |       |       |       |     8 |     5 ||    13
       Petrified         |       |       |       |       |    67 |     8 ||    75
       Petrifying        |       |       |       |       |     4 |     2 ||     6
       Held in net/web   |       |       |       |       |       |     3 ||     3
Armor: Scale mail        |    39 |       |       |   108 |   128 |       ||   275
       Plate armour      |     6 |    90 |   196 |    46 |   581 |   543 ||  1462
       Skin              |       |     4 |       |       |       |       ||     4
Dodge: Dodged            |    35 |    24 |    74 |   103 |   300 |   280 ||   816
Block: Buckler           |    22 |    30 |   135 |   145 |   267 |   218 ||   817
       Reflection        |       |       |     4 |    10 |    38 |       ||    52
       Rpst.: Trident    |       |       |       |       |       |    32 ||    32

Table legend: (Time is in decaauts)
 A = Elapsed time spent in this place.
 B = Non-inter-level travel time spent in this place.
 C = Inter-level travel time spent in this place.
 D = Time resting spent in this place.
 E = Time spent auto-exploring this place.
 F = Levels seen in this place.
 G = Mean time per level.
                   A        B        C        D        E       F      G
               +--------+--------+--------+--------+--------+-----+--------+
         Total |  32982 |  31724 |   1258 |   4324 |  19165 |  31 | 1063.9 |
       Dungeon |  19406 |  18608 |    798 |   2680 |  12777 |  15 | 1293.7 |
        Temple |    185 |    156 |     29 |      0 |    132 |   1 |  185.0 |
          Lair |   5457 |   5198 |    259 |      2 |   3945 |   6 |  909.5 |
  Orcish Mines |   1484 |   1334 |    150 |      0 |    796 |   2 |  742.0 |
   Elven Halls |   2782 |   2760 |     22 |    233 |   1271 |   3 |  927.3 |
         Abyss |    368 |    368 |      0 |    104 |      0 |   1 |  368.0 |
      Ice Cave |    532 |    532 |      0 |    208 |     43 |   1 |  532.0 |
    Desolation |   1856 |   1856 |      0 |    612 |    201 |   1 | 1856.0 |
      Gauntlet |    908 |    908 |      0 |    483 |      0 |   1 |  908.0 |
               +--------+--------+--------+--------+--------+-----+--------+

Top non-repeatable levels by time:
    D:14: 2396 daAuts
    D:13: 2183 daAuts
     D:6: 1957 daAuts
Desolation: 1856 daAuts
     D:5: 1550 daAuts
     D:8: 1504 daAuts
     D:9: 1254 daAuts
    D:10: 1230 daAuts
     D:4: 1187 daAuts
    D:11: 1137 daAuts
   Elf:2: 1093 daAuts
   Orc:2: 1043 daAuts
     D:3: 1019 daAuts
   Elf:1: 987 daAuts
  Lair:5: 968 daAuts
